Toronto Maple Leafs vs Boston Bruins
Created - Tuesday, August 12, 2025 at 07:20
Goals
|
| Toronto Maple Leafs |
3 |
2 |
1 |
6 |
| Boston Bruins |
0 |
2 |
2 |
4 |
|
Shots
|
| Toronto Maple Leafs |
13 |
13 |
13 |
39 |
| Boston Bruins |
8 |
20 |
15 |
43 |
|
1st period
1. Toronto Maple Leafs , Wyatt Johnston 2 (Brady Tkachuk 3) at 2:48
2. Toronto Maple Leafs , Mackie Samoskevich 1 (Andrew Mangiapane 1, Ryan Pulock 3) at 11:49
3. Toronto Maple Leafs , Warren Foegele 2 (Sam Bennett 3, Troy Terry 2) at 12:24
Penalties :
Sam Bennett (TOR) for Tripping (Minor) at 3:13, Urho Vaakanainen (BOS) for Interference (Minor) at 15:41
2nd period
4. Toronto Maple Leafs , Scott Laughton 2 (Sam Malinski 1) at 3:25
5. Boston Bruins , Jaden Schwartz 3 (Alex Laferriere 4, Ryan Strome 6) at 5:30
6. Boston Bruins , Alex Laferriere 4 (Ty Emberson 2) at 16:48 (PP)
7. Toronto Maple Leafs , Scott Laughton 3 (Nicolas Roy 1, Brady Tkachuk 4) at 18:01
Penalties :
Sam Bennett (TOR) for Cross-checking (Minor) at 8:48, Brady Tkachuk (TOR) for Cross-checking (Minor) at 15:00, Scott Laughton (TOR) for Hooking (Minor) at 19:27
3rd period
8. Boston Bruins , Ryan Strome 2 (Alex Laferriere 5, Rasmus Sandin 1) at 0:27 (PP)
9. Boston Bruins , Viktor Arvidsson 3 (Jani Nyman 4, John Marino 3) at 7:34
10. Toronto Maple Leafs , Bowen Byram 1 (Quinton Byfield 3, Wyatt Johnston 4) at 13:38
Penalties :
Taylor Raddysh (BOS) for Roughing (Minor) at 4:33
Goalie Stats
Frederik Andersen (TOR), 39 saves from 43 shots - (0.907), W, 2-2-0, 60:00 minutes
Petr Mrazek (BOS), 33 saves from 39 shots - (0.846), L, 0-2-1, 60:00 minutes
Players Stats for Toronto Maple Leafs
Player Name G A P +/- PIM S H SB GA TA FO MP PP MP PK MP
------------------------------------------------------------------------------------
Aaron Ekblad 0 0 0 0 0 0 2 3 0 2 0/0 26:17 1:52 3:15
Andrew Mangiapane 0 1 1 1 0 2 0 0 0 1 0/0 8:17 0:00 0:00
Bowen Byram 1 0 1 2 0 1 0 0 0 0 0/0 12:11 0:00 0:00
Brady Tkachuk 0 2 2 1 2 4 0 0 1 1 0/1 18:46 1:51 2:51
Brandon Saad 0 0 0 2 0 1 0 0 1 0 0/0 14:53 0:03 2:20
Cody Ceci 0 0 0 0 0 0 1 4 0 1 0/0 26:17 1:52 3:15
Mackie Samoskevich 1 0 1 1 0 3 1 0 0 0 0/1 8:17 0:00 0:00
Mario Ferraro 0 0 0 2 0 1 2 0 0 0 0/0 21:32 2:06 3:31
Nick Bjugstad 0 0 0 1 0 1 1 0 0 0 2/6 9:23 0:00 0:59
Nicolas Roy 0 1 1 2 0 3 1 2 0 0 0/0 12:33 0:03 0:00
Quinton Byfield 0 1 1 1 0 3 0 1 4 0 0/1 18:33 1:51 2:44
Ryan Pulock 0 1 1 2 0 1 1 2 0 0 0/0 21:32 2:06 3:31
Sam Bennett 0 1 1 0 4 4 3 1 3 0 11/19 17:28 2:04 0:55
Sam Malinski 0 1 1 2 0 0 0 0 0 0 0/0 12:11 0:00 0:00
Scott Laughton 2 0 2 2 2 3 2 1 0 0 5/11 12:32 0:03 0:00
Troy Terry 0 1 1 0 0 6 0 1 1 0 0/0 16:43 2:04 0:15
Warren Foegele 1 0 1 0 0 3 1 0 1 0 0/1 16:28 2:04 0:00
Wyatt Johnston 1 1 2 1 0 3 3 1 0 1 15/21 19:17 1:51 3:28
Players Stats for Boston Bruins
Player Name G A P +/- PIM S H SB GA TA FO MP PP MP PK MP
------------------------------------------------------------------------------------
Adam Wilsby 0 0 0 -3 0 2 0 3 0 4 0/0 13:55 0:00 0:00
Alex Laferriere 1 2 3 0 0 6 3 1 1 0 0/2 20:11 3:44 1:59
Beck Malenstyn 0 0 0 -1 0 0 3 0 0 0 1/5 9:07 0:03 0:00
Jaden Schwartz 1 0 1 0 0 2 1 0 1 0 11/21 20:11 3:44 1:59
Jani Nyman 0 1 1 -1 0 2 1 1 0 1 0/0 12:42 0:03 0:00
Joel Farabee 0 0 0 -1 0 2 1 0 0 0 1/5 12:20 0:00 0:00
John Marino 0 1 1 1 0 0 1 2 0 1 0/0 23:07 3:02 1:56
Mark Kastelic 0 0 0 -2 0 2 4 0 0 1 13/22 16:39 2:59 0:00
Maxim Tsyplakov 0 0 0 -2 0 3 3 1 0 0 0/0 16:23 2:59 0:00
Rasmus Sandin 0 1 1 1 0 1 2 1 0 2 0/0 23:07 3:02 1:56
Ryan Strome 1 1 2 0 0 4 0 1 0 1 1/3 19:15 3:44 1:59
Sam Colangelo 0 0 0 -1 0 5 1 0 2 0 0/1 9:07 0:03 0:00
Samuel Girard 0 0 0 -2 0 2 1 0 1 0 0/0 22:58 3:44 2:02
Taylor Raddysh 0 0 0 -1 2 2 0 0 0 0 0/0 8:38 0:00 0:00
Ty Emberson 0 1 1 -2 0 2 0 1 0 0 0/0 22:58 3:44 2:02
Urho Vaakanainen 0 0 0 -3 2 0 0 1 0 0 0/0 14:50 0:00 0:00
Viktor Arvidsson 1 0 1 -1 0 4 2 1 0 0 0/1 12:04 0:00 0:00
Vladimir Tarasenko 0 0 0 -2 0 4 0 0 1 1 1/1 18:28 2:59 1:59
3 Stars
1 - Scott Laughton (TOR)
2 - Wyatt Johnston (TOR)
3 - Alex Laferriere (BOS)
Power Play
Toronto Maple Leafs - 0 on 2 Attempt(s) - 0.00%
Boston Bruins - 2 on 4 Attempt(s) - 50.00%
Penalty Kill
Toronto Maple Leafs - 2 on 4 Attempt(s) - 50.00%
- Score 0 goal in Penalty Kill
Boston Bruins - 2 on 2 Attempt(s) - 100.00%
- Score 0 goal in Penalty Kill
Team Stat
Toronto Maple Leafs - Hits : 18 - Faceoff Wins : 33 - Blocked Shots : 16 - Penalty Minutes : 8
Boston Bruins - Hits : 23 - Faceoff Wins : 28 - Blocked Shots : 13 - Penalty Minutes : 4
Official
Referees : Jordan Samuels and Tom Chmielewski
Linesman : Tyson Baker and Jonny Murray
Game Notes
No Game Note
Finance
Level 1 -- Attendance: 4819 (80.32%) -- Ticket Income $481,900
Level 2 -- Attendance: 3495 (69.90%) -- Ticket Income $209,700
Level 3 -- Attendance: 2428 (80.93%) -- Ticket Income $84,980
Level 4 -- Attendance: 3436 (68.72%) -- Ticket Income $85,900
Luxury Box -- Attendance: 695 (69.50%) -- Ticket Income $139,000
Game was played at the TD Garden.
Total Attendance: 14873 (74.37%)
Total Ticket Income: $1,001,480
Other Income: $350,518
Total Income: $1,351,998
Toronto Maple Leafs
5 vs 5 Forward
Center Left Wing Right Wing Time % Phy DF OF
1 Wyatt Johnston Brady Tkachuk Quinton Byfield 30 1 2 2
2 Sam Bennett Troy Terry Warren Foegele 30 1 2 2
3 Scott Laughton Brandon Saad Nicolas Roy 25 1 2 2
4 Nick Bjugstad Andrew Mangiapane Mackie Samoskevich 15 1 2 2
5 vs 5 Defense
Defense Defense Time % Phy DF OF
1 Aaron Ekblad Cody Ceci 30 1 2 2
2 Ryan Pulock Mario Ferraro 30 1 2 2
3 Bowen Byram Sam Malinski 25 1 2 2
4 Aaron Ekblad Cody Ceci 15 1 2 2
PowerPlay Forward
Center Left Wing Right Wing Time % Phy DF OF
1 Wyatt Johnston Brady Tkachuk Quinton Byfield 50 1 2 2
2 Sam Bennett Troy Terry Warren Foegele 50 1 2 2
PowerPlay Defense
Defense Defense Time % Phy DF OF
1 Aaron Ekblad Cody Ceci 50 1 2 2
2 Ryan Pulock Mario Ferraro 50 1 2 2
Penalty Kill 4 Players Forward
Center Wing Time % Phy DF OF
1 Wyatt Johnston Brady Tkachuk 50 1 2 2
2 Quinton Byfield Sam Bennett 50 1 2 2
Penalty Kill 4 Players Defense
Defense Defense Time % Phy DF OF
1 Aaron Ekblad Cody Ceci 50 1 2 2
2 Ryan Pulock Mario Ferraro 50 1 2 2
Penalty Kill - 3 Players Forward
Forward Time % Phy DF OF
1 Wyatt Johnston 50 1 2 2
2 Brady Tkachuk 50 1 2 2
Penalty Kill - 3 Players Defense
Defense Defense Time % Phy DF OF
1 Aaron Ekblad Cody Ceci 50 1 2 2
2 Ryan Pulock Mario Ferraro 50 1 2 2
4 vs 4 Forward
Center Wing Time % Phy DF OF
1 Wyatt Johnston Brady Tkachuk 50 1 2 2
2 Quinton Byfield Sam Bennett 50 1 2 2
4 vs 4 Defense
Defense Defense Time % Phy DF OF
1 Aaron Ekblad Cody Ceci 50 1 2 2
2 Ryan Pulock Mario Ferraro 50 1 2 2
Last Minutes Offensive
Center Left Wing Right Wing Defense Defense
Wyatt Johnston Brady Tkachuk Quinton Byfield Aaron Ekblad Cody Ceci
Last Minutes Defensive
Center Left Wing Right Wing Defense Defense
Wyatt Johnston Brady Tkachuk Quinton Byfield Aaron Ekblad Cody Ceci
Goaltenders
Starting : Frederik Andersen
Backup : Joonas Korpisalo
Extra Forwards
Normal : Scott Laughton, Nicolas Roy, Brandon Saad - PP : Scott Laughton, Nicolas Roy - PK : Brandon Saad
Extra Defensemen
Normal : Bowen Byram, Sam Malinski, Ryan Pulock - PP : Bowen Byram - PK : Sam Malinski, Ryan Pulock
Penalty Shots
Wyatt Johnston, Brady Tkachuk, Quinton Byfield, Sam Bennett, Troy Terry
Scratches
P.O. Joseph (Healthy), Lucas Carlsson (Healthy), Connor Dewar (Healthy), Garin Bjorklund (Healthy)
Boston Bruins
5 vs 5 Forward
Center Left Wing Right Wing Time % Phy DF OF
1 Jaden Schwartz Alex Laferriere Ryan Strome 30 1 2 2
2 Mark Kastelic Vladimir Tarasenko Maxim Tsyplakov 30 1 2 2
3 Joel Farabee Viktor Arvidsson Jani Nyman 25 1 2 2
4 Beck Malenstyn Sam Colangelo Taylor Raddysh 15 1 2 2
5 vs 5 Defense
Defense Defense Time % Phy DF OF
1 Samuel Girard Ty Emberson 35 1 2 2
2 Rasmus Sandin John Marino 35 1 2 2
3 Urho Vaakanainen Adam Wilsby 30 1 2 2
4 Samuel Girard Ty Emberson 0 1 2 2
PowerPlay Forward
Center Left Wing Right Wing Time % Phy DF OF
1 Jaden Schwartz Alex Laferriere Ryan Strome 50 1 2 2
2 Mark Kastelic Vladimir Tarasenko Maxim Tsyplakov 50 1 2 2
PowerPlay Defense
Defense Defense Time % Phy DF OF
1 Samuel Girard Ty Emberson 50 1 2 2
2 Rasmus Sandin John Marino 50 1 2 2
Penalty Kill 4 Players Forward
Center Wing Time % Phy DF OF
1 Jaden Schwartz Alex Laferriere 50 1 2 2
2 Ryan Strome Vladimir Tarasenko 50 1 2 2
Penalty Kill 4 Players Defense
Defense Defense Time % Phy DF OF
1 Samuel Girard Ty Emberson 50 1 2 2
2 Rasmus Sandin John Marino 50 1 2 2
Penalty Kill - 3 Players Forward
Forward Time % Phy DF OF
1 Jaden Schwartz 50 1 2 2
2 Alex Laferriere 50 1 2 2
Penalty Kill - 3 Players Defense
Defense Defense Time % Phy DF OF
1 Samuel Girard Ty Emberson 50 1 2 2
2 Rasmus Sandin John Marino 50 1 2 2
4 vs 4 Forward
Center Wing Time % Phy DF OF
1 Jaden Schwartz Alex Laferriere 50 1 2 2
2 Ryan Strome Vladimir Tarasenko 50 1 2 2
4 vs 4 Defense
Defense Defense Time % Phy DF OF
1 Samuel Girard Ty Emberson 50 1 2 2
2 Rasmus Sandin John Marino 50 1 2 2
Last Minutes Offensive
Center Left Wing Right Wing Defense Defense
Jaden Schwartz Alex Laferriere Ryan Strome Samuel Girard Ty Emberson
Last Minutes Defensive
Center Left Wing Right Wing Defense Defense
Jaden Schwartz Alex Laferriere Ryan Strome Samuel Girard Ty Emberson
Goaltenders
Starting : Petr Mrazek
Backup : Leevi Merilainen
Extra Forwards
Normal : Beck Malenstyn, Sam Colangelo, Jani Nyman - PP : Beck Malenstyn, Sam Colangelo - PK : Jani Nyman
Extra Defensemen
Normal : Urho Vaakanainen, Adam Wilsby, Rasmus Sandin - PP : Urho Vaakanainen - PK : Adam Wilsby, Rasmus Sandin
Penalty Shots
Jaden Schwartz, Alex Laferriere, Ryan Strome, Vladimir Tarasenko, Maxim Tsyplakov
Scratches
Aatu Raty (Healthy), Victor Mancini (Healthy), Fabian Lysell (Healthy), Sam Morton (Healthy), Jakob Pelletier (Healthy)
% Time on Ice - Toronto Maple Leafs
Lines # - Real PCT - Wanted PCT - Time Play
Normal Forward
1 - 29% - 30% - 14:17
2 - 29% - 30% - 14:27
3 - 25% - 25% - 12:15
4 - 17% - 15% - 8:17
Normal Defense
1 - 31% - 30% - 15:02
2 - 32% - 30% - 15:55
3 - 25% - 25% - 12:11
4 - 12% - 15% - 6:08
PP Forward
1 - 48% - 50% - 1:54
2 - 52% - 50% - 2:04
PP Defense
1 - 47% - 50% - 1:52
2 - 53% - 50% - 2:06
PK Forward
1 - 52% - 50% - 3:31
2 - 48% - 50% - 3:15
PK Defense
1 - 48% - 50% - 3:15
2 - 52% - 50% - 3:31
PK3 Forward
1 - 0% - 50%
2 - 0% - 50%
PK3 Defense
1 - 0% - 50%
2 - 0% - 50%
44 Forward
1 - 0% - 50%
2 - 0% - 50%
44 Defense
1 - 0% - 50%
2 - 0% - 50%
Last Minute Offensive - 0:00
Last Minute Defensive - 0:00
Total
Forward - 60:00
Defense - 60:00
|
% Time on Ice - Boston Bruins
Lines # - Real PCT - Wanted PCT - Time Play
Normal Forward
1 - 31% - 30% - 15:09
2 - 27% - 30% - 13:24
3 - 24% - 25% - 12:04
4 - 18% - 15% - 8:39
Normal Defense
1 - 35% - 35% - 17:12
2 - 37% - 35% - 18:09
3 - 28% - 30% - 13:55
4 - 0% - 0% - 0:00
PP Forward
1 - 56% - 50% - 3:47
2 - 44% - 50% - 2:59
PP Defense
1 - 55% - 50% - 3:44
2 - 45% - 50% - 3:02
PK Forward
1 - 50% - 50% - 1:59
2 - 50% - 50% - 1:59
PK Defense
1 - 51% - 50% - 2:02
2 - 49% - 50% - 1:56
PK3 Forward
1 - 0% - 50%
2 - 0% - 50%
PK3 Defense
1 - 0% - 50%
2 - 0% - 50%
44 Forward
1 - 0% - 50%
2 - 0% - 50%
44 Defense
1 - 0% - 50%
2 - 0% - 50%
Last Minute Offensive - 0:00
Last Minute Defensive - 0:00
Total
Forward - 60:00
Defense - 60:00
|
Play-by-Play
1st period
0:01 of 1st period - Wyatt Johnston wins face-off versus Alex Laferriere in neutral zone.
1:16 of 1st period - Wrist shot by Sam Colangelo.
1:16 of 1st period - Stopped by Frederik Andersen with a rebound.
2:33 of 1st period - Mackie Samoskevich is hit by Beck Malenstyn and loses puck.
2:48 of 1st period - Snap shot by Wyatt Johnston.
2:48 of 1st period - Goal by Wyatt Johnston - Toronto Maple Leafs : 1 - Boston Bruins : 0.
2:49 of 1st period - Mark Kastelic wins face-off versus Sam Bennett in neutral zone.
3:02 of 1st period - Maxim Tsyplakov is hit by Sam Bennett and loses puck.
3:13 of 1st period - Minor Penalty to Sam Bennett for Tripping.
3:14 of 1st period - Wyatt Johnston wins face-off versus Jaden Schwartz in Toronto Maple Leafs zone.
5:13 of 1st period - Penalty to Sam Bennett is over, Sam Bennett is back on ice.
5:25 of 1st period - Wrist shot by Troy Terry.
5:25 of 1st period - Stopped by Petr Mrazek without a rebound.
5:26 of 1st period - Sam Bennett wins face-off versus Viktor Arvidsson in Boston Bruins zone.
5:27 of 1st period - Wrist shot by Warren Foegele.
5:27 of 1st period - Shot Blocked by Adam Wilsby.
5:29 of 1st period - Slapshot by Sam Malinski.
5:29 of 1st period - Shot Blocked by Adam Wilsby.
5:43 of 1st period - Joel Farabee is hit by Sam Bennett and loses puck.
6:30 of 1st period - Snap shot by Troy Terry.
6:30 of 1st period - Stopped by Petr Mrazek without a rebound.
6:31 of 1st period - Ryan Strome wins face-off versus Brady Tkachuk in Boston Bruins zone.
7:36 of 1st period - Wrist shot by Quinton Byfield.
7:36 of 1st period - Stopped by Petr Mrazek without a rebound.
7:37 of 1st period - Wyatt Johnston wins face-off versus Alex Laferriere in Boston Bruins zone.
8:02 of 1st period - Sam Malinski is hit by Beck Malenstyn.
8:13 of 1st period - Slapshot by Wyatt Johnston.
8:13 of 1st period - Stopped by Petr Mrazek with a rebound.
8:35 of 1st period - Snap shot by Mark Kastelic.
8:35 of 1st period - Shot Misses the Net.
8:37 of 1st period - Slapshot by Samuel Girard.
8:37 of 1st period - Deflect By Aaron Ekblad.
8:37 of 1st period - Stopped by Frederik Andersen with a rebound.
8:39 of 1st period - Snap shot by Samuel Girard.
8:39 of 1st period - Stopped by Frederik Andersen with a rebound.
8:41 of 1st period - Wrist shot by Samuel Girard.
8:41 of 1st period - Shot Blocked by Nicolas Roy.
8:51 of 1st period - Slapshot by Andrew Mangiapane.
8:51 of 1st period - Stopped by Petr Mrazek without a rebound.
8:52 of 1st period - Nick Bjugstad wins face-off versus Jaden Schwartz in Boston Bruins zone.
9:17 of 1st period - Scott Laughton is hit by Mark Kastelic and loses puck.
9:24 of 1st period - Snap shot by Maxim Tsyplakov.
9:24 of 1st period - Stopped by Frederik Andersen with a rebound.
9:54 of 1st period - Cody Ceci is hit by Sam Colangelo.
10:59 of 1st period - Snap shot by Jani Nyman.
10:59 of 1st period - Stopped by Frederik Andersen without a rebound.
11:00 of 1st period - Wyatt Johnston wins face-off versus Joel Farabee in Toronto Maple Leafs zone.
11:09 of 1st period - Slapshot by Quinton Byfield.
11:09 of 1st period - Deflect By Wyatt Johnston.
11:09 of 1st period - Stopped by Petr Mrazek with a rebound.
11:11 of 1st period - Snap shot by Quinton Byfield.
11:11 of 1st period - Shot Misses the Net.
11:13 of 1st period - Snap shot by Wyatt Johnston.
11:13 of 1st period - Shot Blocked by Rasmus Sandin.
11:15 of 1st period - Slapshot by Bowen Byram.
11:15 of 1st period - Shot Blocked by Jani Nyman.
11:17 of 1st period - Snap shot by Wyatt Johnston.
11:17 of 1st period - Shot Misses the Net.
11:27 of 1st period - Scott Laughton is hit by Alex Laferriere and loses puck.
11:36 of 1st period - Rasmus Sandin is hit by Scott Laughton and loses puck.
11:49 of 1st period - Wrist shot by Mackie Samoskevich.
11:49 of 1st period - Goal by Mackie Samoskevich - Toronto Maple Leafs : 2 - Boston Bruins : 0.
11:50 of 1st period - Wyatt Johnston wins face-off versus Mark Kastelic in neutral zone.
12:22 of 1st period - Wrist shot by Troy Terry.
12:22 of 1st period - Shot Blocked by Maxim Tsyplakov.
12:24 of 1st period - Slapshot by Sam Bennett.
12:24 of 1st period - Deflect By Warren Foegele.
12:24 of 1st period - Goal by Warren Foegele - Toronto Maple Leafs : 3 - Boston Bruins : 0.
12:25 of 1st period - Scott Laughton wins face-off versus Jaden Schwartz in neutral zone.
12:28 of 1st period - Rasmus Sandin is hit by Scott Laughton.
12:52 of 1st period - Wrist shot by Viktor Arvidsson.
12:52 of 1st period - Shot Misses the Net.
12:54 of 1st period - Wrist shot by Jani Nyman.
12:54 of 1st period - Shot Misses the Net.
12:56 of 1st period - Snap shot by Jani Nyman.
12:56 of 1st period - Shot Misses the Net.
12:58 of 1st period - Wrist shot by Viktor Arvidsson.
12:58 of 1st period - Stopped by Frederik Andersen without a rebound.
12:59 of 1st period - Wyatt Johnston wins face-off versus Mark Kastelic in Toronto Maple Leafs zone.
14:03 of 1st period - Snap shot by Brandon Saad.
14:03 of 1st period - Deflect By Scott Laughton.
14:03 of 1st period - Shot Misses the Net.
14:03 of 1st period - Puck is out of play.
14:04 of 1st period - Scott Laughton wins face-off versus Beck Malenstyn in Boston Bruins zone.
14:39 of 1st period - Wrist shot by Sam Bennett.
14:39 of 1st period - Stopped by Petr Mrazek with a rebound.
14:41 of 1st period - Wrist shot by Warren Foegele.
14:41 of 1st period - Shot Misses the Net.
14:43 of 1st period - Wrist shot by Sam Bennett.
14:43 of 1st period - Deflect By Troy Terry.
14:43 of 1st period - Stopped by Petr Mrazek without a rebound.
14:44 of 1st period - Jaden Schwartz wins face-off versus Wyatt Johnston in Boston Bruins zone.
14:53 of 1st period - Off-side.
14:54 of 1st period - Jaden Schwartz wins face-off versus Quinton Byfield in neutral zone.
14:56 of 1st period - Off-side.
14:57 of 1st period - Wyatt Johnston wins face-off versus Jaden Schwartz in neutral zone.
15:00 of 1st period - Samuel Girard is hit by Wyatt Johnston and loses puck.
15:41 of 1st period - Minor Penalty to Urho Vaakanainen for Interference.
15:42 of 1st period - Sam Bennett wins face-off versus Jaden Schwartz in Boston Bruins zone.
17:41 of 1st period - Penalty to Urho Vaakanainen is over, Urho Vaakanainen is back on ice.
17:43 of 1st period - Rasmus Sandin is hit by Mario Ferraro and loses puck.
18:04 of 1st period - Slapshot by Andrew Mangiapane.
18:04 of 1st period - Shot Blocked by John Marino.
18:06 of 1st period - Slapshot by Mackie Samoskevich.
18:06 of 1st period - Stopped by Petr Mrazek with a rebound.
18:08 of 1st period - Slapshot by Sam Malinski.
18:08 of 1st period - Shot Blocked by Alex Laferriere.
18:10 of 1st period - Wrist shot by Aaron Ekblad.
18:10 of 1st period - Shot Misses the Net.
18:12 of 1st period - Slapshot by Sam Malinski.
18:12 of 1st period - Deflect By Mackie Samoskevich.
18:12 of 1st period - Stopped by Petr Mrazek with a rebound.
18:24 of 1st period - Slapshot by Alex Laferriere.
18:24 of 1st period - Stopped by Frederik Andersen with a rebound.
18:26 of 1st period - Slapshot by John Marino.
18:26 of 1st period - Shot Blocked by Cody Ceci.
18:28 of 1st period - Backhand shot by Alex Laferriere.
18:28 of 1st period - Shot Blocked by Aaron Ekblad.
18:30 of 1st period - Snap shot by John Marino.
18:30 of 1st period - Shot Blocked by Nicolas Roy.
18:32 of 1st period - Snap shot by Jaden Schwartz.
18:32 of 1st period - Shot Blocked by Cody Ceci.
18:34 of 1st period - Snap shot by Rasmus Sandin.
18:34 of 1st period - Shot Misses the Net.
18:36 of 1st period - Slapshot by Rasmus Sandin.
18:36 of 1st period - Stopped by Frederik Andersen without a rebound.
18:37 of 1st period - Vladimir Tarasenko wins face-off versus Nick Bjugstad in Toronto Maple Leafs zone.
18:48 of 1st period - Wrist shot by Vladimir Tarasenko.
18:48 of 1st period - Shot Misses the Net.
18:50 of 1st period - Wrist shot by Maxim Tsyplakov.
18:50 of 1st period - Deflect By Vladimir Tarasenko.
18:50 of 1st period - Shot Misses the Net.
18:50 of 1st period - Puck is out of play.
18:51 of 1st period - Sam Bennett wins face-off versus Joel Farabee in Toronto Maple Leafs zone.
18:58 of 1st period - Ty Emberson is hit by Ryan Pulock and loses puck.
Goals for this period are 3 for Toronto Maple Leafs vs 0 for Boston Bruins.
Shots for this period are 13 for Toronto Maple Leafs vs 8 for Boston Bruins.
2nd period
0:01 of 2nd period - Sam Bennett wins face-off versus Mark Kastelic in neutral zone.
0:31 of 2nd period - Snap shot by Alex Laferriere.
0:31 of 2nd period - Deflect By Ryan Strome.
0:31 of 2nd period - Stopped by Frederik Andersen without a rebound.
0:32 of 2nd period - Wyatt Johnston wins face-off versus Joel Farabee in Toronto Maple Leafs zone.
0:35 of 2nd period - Wrist shot by Joel Farabee.
0:35 of 2nd period - Stopped by Frederik Andersen without a rebound.
0:36 of 2nd period - Sam Bennett wins face-off versus Joel Farabee in Toronto Maple Leafs zone.
1:28 of 2nd period - Mark Kastelic is hit by Aaron Ekblad and loses puck.
1:59 of 2nd period - Troy Terry is hit by Maxim Tsyplakov and loses puck.
2:12 of 2nd period - Slapshot by Vladimir Tarasenko.
2:12 of 2nd period - Shot Misses the Net.
2:14 of 2nd period - Snap shot by Maxim Tsyplakov.
2:14 of 2nd period - Shot Blocked by Sam Bennett.
2:16 of 2nd period - Wrist shot by Vladimir Tarasenko.
2:16 of 2nd period - Stopped by Frederik Andersen without a rebound.
2:17 of 2nd period - Scott Laughton wins face-off versus Jaden Schwartz in Toronto Maple Leafs zone.
2:30 of 2nd period - Wrist shot by Alex Laferriere.
2:30 of 2nd period - Stopped by Frederik Andersen with a rebound.
2:32 of 2nd period - Slapshot by Ty Emberson.
2:32 of 2nd period - Stopped by Frederik Andersen without a rebound.
2:33 of 2nd period - Sam Bennett wins face-off versus Beck Malenstyn in Toronto Maple Leafs zone.
3:09 of 2nd period - Snap shot by Brady Tkachuk.
3:09 of 2nd period - Stopped by Petr Mrazek with a rebound.
3:25 of 2nd period - Snap shot by Scott Laughton.
3:25 of 2nd period - Goal by Scott Laughton - Toronto Maple Leafs : 4 - Boston Bruins : 0.
3:26 of 2nd period - Mark Kastelic wins face-off versus Sam Bennett in neutral zone.
3:29 of 2nd period - Snap shot by Maxim Tsyplakov.
3:29 of 2nd period - Shot Misses the Net.
3:31 of 2nd period - Snap shot by Vladimir Tarasenko.
3:31 of 2nd period - Shot Misses the Net.
3:33 of 2nd period - Slapshot by Urho Vaakanainen.
3:33 of 2nd period - Shot Blocked by Aaron Ekblad.
3:35 of 2nd period - Snap shot by Vladimir Tarasenko.
3:35 of 2nd period - Shot Misses the Net.
3:37 of 2nd period - Snap shot by Mark Kastelic.
3:37 of 2nd period - Stopped by Frederik Andersen with a rebound.
3:39 of 2nd period - Slapshot by Urho Vaakanainen.
3:39 of 2nd period - Shot Blocked by Cody Ceci.
3:41 of 2nd period - Snap shot by Vladimir Tarasenko.
3:41 of 2nd period - Stopped by Frederik Andersen without a rebound.
3:42 of 2nd period - Wyatt Johnston wins face-off versus Ryan Strome in Toronto Maple Leafs zone.
3:57 of 2nd period - Wrist shot by Wyatt Johnston.
3:57 of 2nd period - Shot Misses the Net.
3:59 of 2nd period - Slapshot by Ryan Pulock.
3:59 of 2nd period - Stopped by Petr Mrazek with a rebound.
4:09 of 2nd period - Warren Foegele is hit by Maxim Tsyplakov.
4:59 of 2nd period - Wrist shot by Nicolas Roy.
4:59 of 2nd period - Stopped by Petr Mrazek with a rebound.
5:01 of 2nd period - Slapshot by Bowen Byram.
5:01 of 2nd period - Shot Misses the Net.
5:03 of 2nd period - Wrist shot by Nicolas Roy.
5:03 of 2nd period - Stopped by Petr Mrazek with a rebound.
5:05 of 2nd period - Slapshot by Bowen Byram.
5:05 of 2nd period - Shot Blocked by Urho Vaakanainen.
5:18 of 2nd period - Snap shot by Adam Wilsby.
5:18 of 2nd period - Shot Misses the Net.
5:20 of 2nd period - Slapshot by Adam Wilsby.
5:20 of 2nd period - Stopped by Frederik Andersen without a rebound.
5:21 of 2nd period - Jaden Schwartz wins face-off versus Sam Bennett in Toronto Maple Leafs zone.
5:30 of 2nd period - Snap shot by Jaden Schwartz.
5:30 of 2nd period - Goal by Jaden Schwartz - Toronto Maple Leafs : 4 - Boston Bruins : 1.
5:31 of 2nd period - Mark Kastelic wins face-off versus Sam Bennett in neutral zone.
6:03 of 2nd period - Snap shot by Alex Laferriere.
6:03 of 2nd period - Deflect By Brady Tkachuk.
6:03 of 2nd period - Stopped by Frederik Andersen with a rebound.
6:05 of 2nd period - Slapshot by Adam Wilsby.
6:05 of 2nd period - Stopped by Frederik Andersen with a rebound.
6:07 of 2nd period - Backhand shot by Adam Wilsby.
6:07 of 2nd period - Shot Blocked by Cody Ceci.
6:34 of 2nd period - Brandon Saad is hit by Samuel Girard and loses puck.
6:41 of 2nd period - Samuel Girard is hit by Aaron Ekblad.
6:54 of 2nd period - Icing by Aaron Ekblad.
6:55 of 2nd period - Mark Kastelic wins face-off versus Scott Laughton in Toronto Maple Leafs zone.
6:56 of 2nd period - Snap shot by Maxim Tsyplakov.
6:56 of 2nd period - Deflect By Mark Kastelic.
6:56 of 2nd period - Shot Misses the Net.
6:56 of 2nd period - Puck is out of play.
6:57 of 2nd period - Mark Kastelic wins face-off versus Sam Bennett in Toronto Maple Leafs zone.
7:00 of 2nd period - Slapshot by Mark Kastelic.
7:00 of 2nd period - Shot Misses the Net.
7:04 of 2nd period - Wrist shot by Mark Kastelic.
7:04 of 2nd period - Stopped by Frederik Andersen without a rebound.
7:05 of 2nd period - Sam Bennett wins face-off versus Jaden Schwartz in Toronto Maple Leafs zone.
7:10 of 2nd period - Slapshot by Sam Bennett.
7:10 of 2nd period - Stopped by Petr Mrazek with a rebound.
7:12 of 2nd period - Snap shot by Sam Bennett.
7:12 of 2nd period - Stopped by Petr Mrazek with a rebound.
7:14 of 2nd period - Slapshot by Mario Ferraro.
7:14 of 2nd period - Deflect By Jaden Schwartz.
7:14 of 2nd period - Stopped by Petr Mrazek with a rebound.
7:16 of 2nd period - Slapshot by Warren Foegele.
7:16 of 2nd period - Stopped by Petr Mrazek with a rebound.
8:35 of 2nd period - Off-side.
8:36 of 2nd period - Jaden Schwartz wins face-off versus Warren Foegele in neutral zone.
8:48 of 2nd period - Minor Penalty to Sam Bennett for Cross-checking.
8:49 of 2nd period - Wyatt Johnston wins face-off versus Mark Kastelic in Toronto Maple Leafs zone.
10:32 of 2nd period - Brady Tkachuk is hit by Rasmus Sandin and loses puck.
10:48 of 2nd period - Penalty to Sam Bennett is over, Sam Bennett is back on ice.
11:18 of 2nd period - Beck Malenstyn is hit by Nicolas Roy and loses puck.
11:30 of 2nd period - Off-side.
11:31 of 2nd period - Nick Bjugstad wins face-off versus Beck Malenstyn in neutral zone.
12:12 of 2nd period - Sam Bennett is hit by Jani Nyman and loses puck.
13:01 of 2nd period - Backhand shot by Sam Bennett.
13:01 of 2nd period - Shot Blocked by Viktor Arvidsson.
13:03 of 2nd period - Slapshot by Warren Foegele.
13:03 of 2nd period - Stopped by Petr Mrazek without a rebound.
13:04 of 2nd period - Wyatt Johnston wins face-off versus Mark Kastelic in Boston Bruins zone.
13:05 of 2nd period - Wrist shot by Quinton Byfield.
13:05 of 2nd period - Stopped by Petr Mrazek with a rebound.
13:52 of 2nd period - Snap shot by Brandon Saad.
13:52 of 2nd period - Shot Hit the Post.
13:55 of 2nd period - Icing by Ty Emberson.
13:56 of 2nd period - Jaden Schwartz wins face-off versus Scott Laughton in Boston Bruins zone.
14:01 of 2nd period - Snap shot by Alex Laferriere.
14:01 of 2nd period - Shot Misses the Net.
14:03 of 2nd period - Backhand shot by Ty Emberson.
14:03 of 2nd period - Shot Misses the Net.
14:05 of 2nd period - Slapshot by Ryan Strome.
14:05 of 2nd period - Shot Misses the Net.
14:13 of 2nd period - Snap shot by Ryan Strome.
14:13 of 2nd period - Stopped by Frederik Andersen with a rebound.
14:15 of 2nd period - Slapshot by Samuel Girard.
14:15 of 2nd period - Deflect By Ryan Strome.
14:15 of 2nd period - Shot Misses the Net.
14:15 of 2nd period - Puck is out of play.
14:16 of 2nd period - Mark Kastelic wins face-off versus Nick Bjugstad in Toronto Maple Leafs zone.
14:48 of 2nd period - Snap shot by Alex Laferriere.
14:48 of 2nd period - Shot Misses the Net.
14:52 of 2nd period - Snap shot by Jaden Schwartz.
14:52 of 2nd period - Stopped by Frederik Andersen with a rebound.
14:54 of 2nd period - Wrist shot by Ryan Strome.
14:54 of 2nd period - Stopped by Frederik Andersen with a rebound.
15:00 of 2nd period - Minor Penalty to Brady Tkachuk for Cross-checking.
15:01 of 2nd period - Mark Kastelic wins face-off versus Wyatt Johnston in Toronto Maple Leafs zone.
15:12 of 2nd period - Snap shot by Maxim Tsyplakov.
15:12 of 2nd period - Stopped by Frederik Andersen with a rebound.
15:36 of 2nd period - Wrist shot by Ryan Strome.
15:36 of 2nd period - Shot Blocked by Quinton Byfield.
15:50 of 2nd period - Samuel Girard is hit by Wyatt Johnston and loses puck.
16:17 of 2nd period - Brandon Saad is hit by Alex Laferriere and loses puck.
16:48 of 2nd period - Wrist shot by Alex Laferriere.
16:48 of 2nd period - Goal by Alex Laferriere - Toronto Maple Leafs : 4 - Boston Bruins : 2.
16:49 of 2nd period - Sam Bennett wins face-off versus Mark Kastelic in neutral zone.
16:52 of 2nd period - Snap shot by Troy Terry.
16:52 of 2nd period - Stopped by Petr Mrazek with a rebound.
17:16 of 2nd period - Quinton Byfield is hit by Joel Farabee and loses puck.
17:25 of 2nd period - Snap shot by Jani Nyman.
17:25 of 2nd period - Shot Misses the Net.
17:27 of 2nd period - Slapshot by Jani Nyman.
17:27 of 2nd period - Shot Blocked by Aaron Ekblad.
17:39 of 2nd period - Wrist shot by Sam Colangelo.
17:39 of 2nd period - Stopped by Frederik Andersen with a rebound.
17:45 of 2nd period - Snap shot by Sam Colangelo.
17:45 of 2nd period - Stopped by Frederik Andersen with a rebound.
17:47 of 2nd period - Wrist shot by Taylor Raddysh.
17:47 of 2nd period - Stopped by Frederik Andersen with a rebound.
17:59 of 2nd period - Wrist shot by Nicolas Roy.
17:59 of 2nd period - Shot Blocked by Adam Wilsby.
18:01 of 2nd period - Wrist shot by Scott Laughton.
18:01 of 2nd period - Goal by Scott Laughton - Toronto Maple Leafs : 5 - Boston Bruins : 2.
18:02 of 2nd period - Jaden Schwartz wins face-off versus Scott Laughton in neutral zone.
18:27 of 2nd period - Sam Bennett is hit by Mark Kastelic and loses puck.
18:36 of 2nd period - Mark Kastelic is hit by Sam Bennett and loses puck.
19:27 of 2nd period - Minor Penalty to Scott Laughton for Hooking.
19:28 of 2nd period - Wyatt Johnston wins face-off versus Mark Kastelic in Toronto Maple Leafs zone.
Goals for this period are 2 for Toronto Maple Leafs vs 2 for Boston Bruins.
Shots for this period are 13 for Toronto Maple Leafs vs 20 for Boston Bruins.
3rd period
0:01 of 3rd period - Mark Kastelic wins face-off versus Wyatt Johnston in neutral zone.
0:06 of 3rd period - Mario Ferraro is hit by Mark Kastelic and loses puck.
0:13 of 3rd period - Wrist shot by Maxim Tsyplakov.
0:13 of 3rd period - Shot Blocked by Ryan Pulock.
0:15 of 3rd period - Slapshot by Rasmus Sandin.
0:15 of 3rd period - Shot Blocked by Wyatt Johnston.
0:27 of 3rd period - Backhand shot by Ryan Strome.
0:27 of 3rd period - Goal by Ryan Strome - Toronto Maple Leafs : 5 - Boston Bruins : 3.
0:28 of 3rd period - Jaden Schwartz wins face-off versus Wyatt Johnston in neutral zone.
0:44 of 3rd period - Wrist shot by Alex Laferriere.
0:44 of 3rd period - Stopped by Frederik Andersen without a rebound.
0:45 of 3rd period - Mark Kastelic wins face-off versus Scott Laughton in Toronto Maple Leafs zone.
2:00 of 3rd period - Wrist shot by Sam Colangelo.
2:00 of 3rd period - Shot Misses the Net.
3:05 of 3rd period - Wrist shot by Brady Tkachuk.
3:05 of 3rd period - Stopped by Petr Mrazek without a rebound.
3:06 of 3rd period - Mark Kastelic wins face-off versus Scott Laughton in Boston Bruins zone.
4:19 of 3rd period - Slapshot by Troy Terry.
4:19 of 3rd period - Stopped by Petr Mrazek with a rebound.
4:21 of 3rd period - Slapshot by Cody Ceci.
4:21 of 3rd period - Shot Blocked by John Marino.
4:33 of 3rd period - Minor Penalty to Taylor Raddysh for Roughing.
4:34 of 3rd period - Wyatt Johnston wins face-off versus Ryan Strome in Boston Bruins zone.
6:33 of 3rd period - Penalty to Taylor Raddysh is over, Taylor Raddysh is back on ice.
6:41 of 3rd period - Snap shot by Nicolas Roy.
6:41 of 3rd period - Stopped by Petr Mrazek with a rebound.
7:32 of 3rd period - Wrist shot by Jani Nyman.
7:32 of 3rd period - Stopped by Frederik Andersen with a rebound.
7:34 of 3rd period - Snap shot by Viktor Arvidsson.
7:34 of 3rd period - Goal by Viktor Arvidsson - Toronto Maple Leafs : 5 - Boston Bruins : 4.
7:35 of 3rd period - Sam Bennett wins face-off versus Jaden Schwartz in neutral zone.
7:38 of 3rd period - Rasmus Sandin is hit by Mario Ferraro and loses puck.
8:20 of 3rd period - Snap shot by Taylor Raddysh.
8:20 of 3rd period - Stopped by Frederik Andersen without a rebound.
8:21 of 3rd period - Scott Laughton wins face-off versus Beck Malenstyn in Toronto Maple Leafs zone.
8:21 of 3rd period - Scott Laughton is hit by John Marino.
8:33 of 3rd period - Wrist shot by Brandon Saad.
8:33 of 3rd period - Stopped by Petr Mrazek without a rebound.
8:34 of 3rd period - Mark Kastelic wins face-off versus Wyatt Johnston in Boston Bruins zone.
8:34 of 3rd period - Mark Kastelic is hit by Wyatt Johnston.
9:00 of 3rd period - Cody Ceci is hit by Rasmus Sandin.
9:28 of 3rd period - Ty Emberson is hit by Cody Ceci and loses puck.
9:47 of 3rd period - Brady Tkachuk is hit by Viktor Arvidsson and loses puck.
9:59 of 3rd period - Icing by Mario Ferraro.
10:00 of 3rd period - Wyatt Johnston wins face-off versus Mark Kastelic in Toronto Maple Leafs zone.
10:09 of 3rd period - Snap shot by Vladimir Tarasenko.
10:09 of 3rd period - Stopped by Frederik Andersen without a rebound.
10:10 of 3rd period - Mark Kastelic wins face-off versus Sam Bennett in Toronto Maple Leafs zone.
10:11 of 3rd period - Snap shot by Vladimir Tarasenko.
10:11 of 3rd period - Stopped by Frederik Andersen with a rebound.
11:55 of 3rd period - Sam Bennett is hit by Beck Malenstyn and loses puck.
12:06 of 3rd period - Backhand shot by Beck Malenstyn.
12:06 of 3rd period - Deflect By Aaron Ekblad.
12:06 of 3rd period - Shot Misses the Net.
12:06 of 3rd period - Puck is out of play.
12:07 of 3rd period - Jaden Schwartz wins face-off versus Wyatt Johnston in Toronto Maple Leafs zone.
12:08 of 3rd period - Snap shot by Alex Laferriere.
12:08 of 3rd period - Stopped by Frederik Andersen without a rebound.
12:09 of 3rd period - Wyatt Johnston wins face-off versus Jaden Schwartz in Toronto Maple Leafs zone.
12:22 of 3rd period - Brady Tkachuk is hit by Alex Laferriere and loses puck.
12:35 of 3rd period - Snap shot by Brady Tkachuk.
12:35 of 3rd period - Stopped by Petr Mrazek with a rebound.
12:37 of 3rd period - Slapshot by Bowen Byram.
12:37 of 3rd period - Shot Blocked by Ryan Strome.
12:39 of 3rd period - Snap shot by Quinton Byfield.
12:39 of 3rd period - Shot Misses the Net.
12:41 of 3rd period - Wrist shot by Wyatt Johnston.
12:41 of 3rd period - Shot Blocked by Ty Emberson.
12:43 of 3rd period - Wrist shot by Quinton Byfield.
12:43 of 3rd period - Deflect By Brady Tkachuk.
12:43 of 3rd period - Stopped by Petr Mrazek without a rebound.
12:44 of 3rd period - Mark Kastelic wins face-off versus Sam Bennett in Boston Bruins zone.
12:44 of 3rd period - Mark Kastelic is hit by Warren Foegele.
13:17 of 3rd period - Wrist shot by Viktor Arvidsson.
13:17 of 3rd period - Stopped by Frederik Andersen with a rebound.
13:36 of 3rd period - Slapshot by Quinton Byfield.
13:36 of 3rd period - Deflect By Joel Farabee.
13:36 of 3rd period - Stopped by Petr Mrazek with a rebound.
13:38 of 3rd period - Wrist shot by Bowen Byram.
13:38 of 3rd period - Goal by Bowen Byram - Toronto Maple Leafs : 6 - Boston Bruins : 4.
13:39 of 3rd period - Jaden Schwartz wins face-off versus Sam Bennett in neutral zone.
14:04 of 3rd period - Brady Tkachuk is hit by Mark Kastelic and loses puck.
14:13 of 3rd period - Snap shot by Maxim Tsyplakov.
14:13 of 3rd period - Shot Misses the Net.
14:15 of 3rd period - Snap shot by Maxim Tsyplakov.
14:15 of 3rd period - Stopped by Frederik Andersen without a rebound.
14:16 of 3rd period - Sam Bennett wins face-off versus Jaden Schwartz in Toronto Maple Leafs zone.
14:23 of 3rd period - Wrist shot by Troy Terry.
14:23 of 3rd period - Stopped by Petr Mrazek with a rebound.
14:29 of 3rd period - Wrist shot by Alex Laferriere.
14:29 of 3rd period - Shot Blocked by Ryan Pulock.
14:31 of 3rd period - Wrist shot by Ryan Strome.
14:31 of 3rd period - Shot Blocked by Troy Terry.
14:45 of 3rd period - Ryan Pulock is hit by Maxim Tsyplakov.
14:54 of 3rd period - Icing by Maxim Tsyplakov.
14:55 of 3rd period - Sam Bennett wins face-off versus Mark Kastelic in Boston Bruins zone.
15:34 of 3rd period - Snap shot by Scott Laughton.
15:34 of 3rd period - Stopped by Petr Mrazek with a rebound.
15:58 of 3rd period - Wrist shot by Brady Tkachuk.
15:58 of 3rd period - Shot Misses the Net.
16:10 of 3rd period - Wrist shot by Sam Colangelo.
16:10 of 3rd period - Stopped by Frederik Andersen with a rebound.
16:12 of 3rd period - Slapshot by Rasmus Sandin.
16:12 of 3rd period - Deflect By Beck Malenstyn.
16:12 of 3rd period - Shot Misses the Net.
16:12 of 3rd period - Puck is out of play.
16:13 of 3rd period - Beck Malenstyn wins face-off versus Nick Bjugstad in Toronto Maple Leafs zone.
16:22 of 3rd period - Snap shot by Sam Colangelo.
16:22 of 3rd period - Stopped by Frederik Andersen without a rebound.
16:23 of 3rd period - Joel Farabee wins face-off versus Scott Laughton in Toronto Maple Leafs zone.
16:32 of 3rd period - Snap shot by Viktor Arvidsson.
16:32 of 3rd period - Deflect By Joel Farabee.
16:32 of 3rd period - Stopped by Frederik Andersen with a rebound.
16:34 of 3rd period - Snap shot by Jani Nyman.
16:34 of 3rd period - Shot Blocked by Scott Laughton.
16:36 of 3rd period - Slapshot by Ty Emberson.
16:36 of 3rd period - Stopped by Frederik Andersen with a rebound.
16:38 of 3rd period - Wrist shot by Viktor Arvidsson.
16:38 of 3rd period - Stopped by Frederik Andersen without a rebound.
16:39 of 3rd period - Jaden Schwartz wins face-off versus Nick Bjugstad in Toronto Maple Leafs zone.
17:04 of 3rd period - Nicolas Roy is hit by Viktor Arvidsson and loses puck.
17:47 of 3rd period - Slapshot by Bowen Byram.
17:47 of 3rd period - Shot Misses the Net.
17:51 of 3rd period - Snap shot by Warren Foegele.
17:51 of 3rd period - Shot Misses the Net.
17:53 of 3rd period - Snap shot by Sam Bennett.
17:53 of 3rd period - Stopped by Petr Mrazek with a rebound.
18:05 of 3rd period - Snap shot by Nick Bjugstad.
18:05 of 3rd period - Stopped by Petr Mrazek without a rebound.
18:06 of 3rd period - Jaden Schwartz wins face-off versus Mackie Samoskevich in Boston Bruins zone.
18:06 of 3rd period - Jaden Schwartz is hit by Nick Bjugstad.
18:28 of 3rd period - Nick Bjugstad is hit by Jaden Schwartz and loses puck.
18:35 of 3rd period - Ryan Strome is hit by Mackie Samoskevich and loses puck.
19:16 of 3rd period - Wrist shot by Andrew Mangiapane.
19:16 of 3rd period - Shot Misses the Net.
19:18 of 3rd period - Wrist shot by Andrew Mangiapane.
19:18 of 3rd period - Stopped by Petr Mrazek without a rebound.
19:19 of 3rd period - Scott Laughton wins face-off versus Sam Colangelo in Boston Bruins zone.
Goals for this period are 1 for Toronto Maple Leafs vs 2 for Boston Bruins.
Shots for this period are 13 for Toronto Maple Leafs vs 15 for Boston Bruins.
Back to the Top